 Dungeon Crawl Stone Soup version 0.25.1-2-g60ff931df9 (webtiles) character file.

Game seed: 12743231324795650069

950 Forgol the Spear-Bearer (level 7, -3/52 HPs)
             Began as a Demonspawn Gladiator on Sept 9, 2020.
             Slain by Duvessa
             ... wielding a +0 rapier
              (17 damage)
             ... on level 5 of the Dungeon.
             The game lasted 00:12:51 (4997 turns).

Forgol the Spear-Bearer (Demonspawn Gladiator)      Turns: 4997, Time: 00:12:52

Health: -3/52      AC: 13    Str: 17    XL:     7   Next: 90%
Magic:  7/7        EV: 12    Int:  9    God:
Gold:   299        SH:  0    Dex: 14    Spells: 6/6 levels left

rFire    + . .     SeeInvis .   a - +0 trident
rCold    . . .     Gourm    .   (no shield)
rNeg     . . .     Faith    .   b - +1 leather armour
rPois    .         Spirit   .   c - +2 helmet
rElec    .         Reflect  .   (no cloak)
rCorr    .         Harm     .   (no gloves)
MR       .....                  (no boots)
Stlth    +.........             (no amulet)
HPRegen  0.17/turn              g - ring of protection from fire
MPRegen  0.10/turn              (no ring)

@: sanguine armour, glowing, heavily drained
A: demonic guardian 1, spiny 1, sanguine armour 1
a: no special abilities


You were on level 5 of the Dungeon.
You were not hungry.

You visited 1 branch of the dungeon, and saw 5 of its levels.

You collected 299 gold pieces.

Inventory:

Hand Weapons
 a - a +0 trident (weapon)
 q - the +4 mace "Pupaef" {drain, Fragile Dex+5, unknown}
   (You found it on level 4 of the Dungeon)

   A truly terrible weapon, it drains the life of those it strikes.
   It affects your dexterity (+5).
   It will be destroyed if unequipped.
Missiles
 d - 3 throwing nets (quivered)
Armour
 b - a +1 leather armour (worn)
 c - a +2 helmet (worn)
Jewellery
 g - a ring of protection from fire (left hand)
Wands
 r - a wand of acid (4)
 x - a wand of paralysis (11)
Scrolls
 j - 2 scrolls of remove curse
 l - a scroll of amnesia {unknown}
 m - 3 scrolls of teleportation
Potions
 e - 3 potions of curing
 h - a potion of brilliance
 k - a potion of ambrosia {unknown}
 n - 2 potions of lignification {unknown}
 o - a potion of cancellation {unknown}
 p - a potion of magic {unknown}
Comestibles
 f - 7 rations
 i - 3 chunks of flesh


   Skills:
 + Level 3.0(1.6) Fighting
 * Level 8.2(6.7) Polearms
 - Level 1.7(0.5) Throwing
 + Level 3.4(2.0) Dodging


You had 6 spell levels left.
You didn't know any spells.
Your spell library was empty.

Dungeon Overview and Level Annotations

Branches:
Dungeon (5/15)
 Temple: D:4-7

Altars:
Dithmenos
Elyvilon
Beogh

Annotations:
D:3 3 runed translucent doors, lllmatko's ghost, amateur HOMo
D:5 Duvessa


Innate Abilities, Weirdness & Mutations

A weak demonic guardian rushes to your aid.
You are partially covered in sharp spines.
When seriously injured, your bleeding wounds create armour. (AC +6)


Message History

You closely miss Dowan.
Dowan is severely wounded.
Dowan is struck by your spines. Dowan misses you.
Your iron imp hits Dowan!
Dowan dies!
Duvessa screams in rage.
Duvessa goes berserk!
Your base Fighting skill increases to level 3!
Duvessa hits you with a +0 rapier.
* * * LOW HITPOINT WARNING * * *
Your shadow imp hits the centaur skeleton.
You hit Duvessa but do no damage.
Duvessa is lightly wounded.
Duvessa is struck by your spines. Duvessa hits you but does no damage.
The centaur skeleton barely misses you.
Your iron imp completely misses Duvessa.
Your shadow imp hits the centaur skeleton.
You hit Duvessa but do no damage.
Duvessa is lightly wounded.
Duvessa is struck by your spines. Duvessa hits you with a +0 rapier!
You die...

##............####............
#............#####......##
##.......................#
##.............###.......
#..........##.# ....
###.......##..###....
##.......##.........#
####...............#..##
..#.............@5## ..
...........##..#Ze......
..####...........5...##. ###
................#
..###.....##.....!.....
........................
##......................
###..(..........#....##
##........


You could see Duvessa (berserk, fast), a centaur skeleton, a friendly iron imp
(summoned) and a friendly shadow imp (summoned).

Vanquished Creatures
  Pikel (D:4)
  2 slaves (D:4)
  An ogre (D:4)
  A bullfrog zombie (D:5)
  4 hounds
  An orc wizard (D:4)
  3 iguanas
  3 worker ants
  A hound skeleton (D:4)
  3 adders
  An ooze (D:1)
  A worm (D:3)
  3 dart slugs
  6 leopard geckos
  8 orcs
  5 giant cockroaches
  5 goblins
  6 hobgoblins
  A jackal (D:3)
  3 quokkas
  8 bats
  6 frilled lizards
  11 kobolds
  12 rats
96 creatures vanquished.

Vanquished Creatures (collateral kills)
  2 slaves (D:4)
  An ogre (D:4)
  Dowan (D:5)
  A worm (D:3)
  A leopard gecko (D:4)
6 creatures vanquished.

Grand Total: 102 creatures vanquished

Notes
Turn   | Place    | Note
-------+----------+-------------------------------------------
     0 | D:1      | Forgol the Demonspawn Gladiator began the quest for the
                  | Orb.
     0 | D:1      | Reached XP level 1. HP: 16/16 MP: 1/1
    86 | D:1      | Reached skill level 3 in Polearms
   293 | D:1      | Gained mutation: A weak demonic guardian rushes to your
                  | aid. [demonic ancestry]
   293 | D:1      | Reached XP level 2. HP: 12/22 MP: 2/2
   852 | D:1      | Gained mutation: When seriously injured, your bleeding
                  | wounds create armour. (AC +6) [demonic ancestry]
   852 | D:1      | Reached XP level 3. HP: 27/27 MP: 3/3
  1034 | D:1      | Reached skill level 4 in Polearms
  1568 | D:2      | Found a shadowy altar of Dithmenos.
  1678 | D:2      | Found a white marble altar of Elyvilon.
  2082 | D:3      | Gained mutation: You are partially covered in sharp spines.
                  | [demonic ancestry]
  2082 | D:3      | Reached XP level 4. HP: 23/33 MP: 4/4
  2344 | D:3      | Found a runed translucent gate.
  2344 | D:3      | Found a runed translucent gate.
  2346 | D:3      | Found a runed translucent gate.
  2347 | D:3      | Noticed lllmatko's ghost (amateur HOMo)
  2349 | D:3      | Identified the +10 mace of Sin {vorpal, Stlth+}
  2349 | D:3      | Identified the cursed +0 leather armour of the Invisible
                  | Runes {Dex+2}
  2350 | D:3      | Found a roughly hewn altar of Beogh.
  2391 | D:3      | Reached skill level 5 in Polearms
  2853 | D:3      | Reached XP level 5. HP: 22/38 MP: 5/5
  3651 | D:4      | Noticed an ogre
  3651 | D:4      | Noticed a slave
  3657 | D:4      | Reached skill level 6 in Polearms
  3660 | D:4      | Noticed a slave
  3663 | D:4      | Killed an ogre
  3663 | D:4      | Reached XP level 6. HP: 43/44 MP: 6/6
  3672 | D:4      | Killed a slave
  3675 | D:4      | Killed a slave
  3691 | D:4      | Noticed a slave
  3692 | D:4      | Noticed Pikel
  3694 | D:4      | Noticed a slave
  3699 | D:4      | Killed a slave
  3711 | D:4      | Killed a slave
  3719 | D:4      | Killed Pikel
  3719 | D:4      | Reached skill level 7 in Polearms
  3719 | D:4      | Reached XP level 7. HP: 37/50 MP: 7/7
  4354 | D:4      | Reached skill level 8 in Polearms
  4682 | D:4      | Got a pitted mace
  4836 | D:5      | Entered Level 5 of the Dungeon
  4981 | D:5      | Noticed Dowan
  4982 | D:5      | Noticed Duvessa
  4995 | D:5      | Killed Dowan
  4997 | D:5      | Slain by Duvessa

Illustrated notes

Levels and vault maps discovered:
D:1:      psy_arrival_spokes, layout_loops_ring, minivault_27,
          minmay_small_reverse_x
D:2:      layout_loops_ring, lemuel_doored_altar, grunt_dithmenos_smoke,
          serial_forest, infiniplex_forest_lined_room_2,
          infiniplex_forest_fountain, infiniplex_forest_zigzag_1,
          infiniplex_forest_3_way, infiniplex_forest_straight_4
D:3:      minmay_general_purpose_star, layout_basic, biasface_ghost_orc_armoury
D:4:      layout_basic, first_ration, uniq_pikel
D:5:      layout_cave_pools, uniq_duvessa

Skill      XL: |  1  2  3  4  5  6  7 |
---------------+----------------------+-----
Polearms       | 3 4 5 6 7 8 |  8.2
Dodging        | 3 |  3.4
Fighting       | 3 |  3.0
Throwing       | |  1.7

Action                   |  1- 3 |  4- 6 |  7- 9 || total
-------------------------+-------+-------+-------++-------
Melee: Trident           |   137 |   109 |    87 ||   333
  Use: Scroll            |     4 |     6 |     1 ||    11
 Stab: Sleeping          |     2 |     2 |       ||     4
  Eat: Chunk             |     4 |     5 |     4 ||    13
Armor: Leather armour    |    35 |    21 |    20 ||    76
Dodge: Dodged            |    73 |    38 |    36 ||   147
